 Dungeon Crawl Stone Soup version 0.31.0-32-g396128a36d (webtiles) character file.

Game seed: 7758131746100167292

21207 James the Covert (level 12, -12/64 HPs)
             Began as a Felid Enchanter on Apr 18, 2024.
             Was an Elder of Dithmenos.
             Mangled by a merfolk
             ... wielding a +0 trident
              (20 damage)
             ... on level 3 of the Lair of Beasts.
             The game lasted 01:05:00 (17479 turns).

James the Covert (Felid Enchanter)                 Turns: 17479, Time: 01:05:00

Health: -12/64     AC:  7    Str: 12    XL:     12   Next: 52%
Magic:  15/21      EV: 24    Int: 21    God:    Dithmenos [****..]
Gold:   818        SH:  0    Dex: 18    Spells: 8/22 levels left
                                        Lives:  0   Deaths: 4

rFire   . .          .
                       - Unarmed
rCold   + . .        (shield unavailable)
rNeg    . . .        (body armour unavailable)
rPois   .            (helmet unavailable)
rElec   .            (cloak unavailable)
rCorr   .            (gloves unavailable)
SInv    +            (boots unavailable)
Will    +....        e - amulet of regeneration
Stlth   +++++++++    q - +4 ring of protection
HPRegen 1.10/turn    l - +6 ring of strength
MPRegen 0.17/turn

%: no passive effects
@: wreathed by umbra
A: very small, claws 1, fangs 3, see invisible, shaggy fur 3, stealthy paws, no
weapons or thrown items, no armour, multi-lived
a: Renounce Religion, Shadow Step


You were on level 3 of the Lair of Beasts.
You worshipped Dithmenos.
Dithmenos was greatly pleased with you.
You visited 3 branches of the dungeon, and saw 15 of its levels.
You also visited: Volcano.

You collected 818 gold pieces.

Inventory:

Missiles
 E - a throwing net {!f}
Jewellery
 e - an amulet of regeneration (around neck)
   (You found it on level 5 of the Dungeon)
 j - a ring of flight
   (You found it on level 1 of the Dungeon)
 l - a +6 ring of strength (right paw)
   (You found it on level 2 of the Dungeon)
 q - a +4 ring of protection (left paw)
   (You took it off a gnoll on level 7 of the Dungeon)
 A - a ring of wizardry
   (You found it on level 10 of the Dungeon)
Wands
 d - a wand of iceblast (7)
   (You found it on level 9 of the Dungeon)
 f - a wand of polymorph (3)
   (You found it on level 7 of the Dungeon)
 u - a wand of paralysis (11)
   (You found it on level 5 of the Dungeon)
 v - a wand of digging (10)
   (You found it on level 7 of the Dungeon)
 y - a wand of light (10)
   (You found it on level 10 of the Dungeon)
Scrolls
 h - 4 scrolls of fog
 i - a scroll of amnesia
 k - 2 scrolls of teleportation {@r4}
 m - 2 scrolls of vulnerability {!r}
 r - 2 scrolls of enchant armour
 s - a scroll of blinking
 B - a scroll of immolation {!r}
Potions
 a - 3 potions of invisibility
 b - 4 potions of mutation {!q}
 c - 2 potions of resistance
 g - 2 potions of lignification {!q}
 n - 6 potions of heal wounds {@q2}
 o - 2 potions of curing {@q1}
 p - 3 potions of brilliance
 t - 2 potions of might
 w - 2 potions of haste {@q3}
 x - a potion of ambrosia
 z - a potion of attraction {!q}
 C - 2 potions of cancellation {unknown}
 D - a potion of magic {unknown}


   Skills:
 - Level 8.0 Fighting
 - Level 10.0 Dodging
 - Level 14.0 Stealth
 - Level 11.0 Unarmed Combat
 + Level 5.9 Spellcasting
 - Level 3.0 Conjurations
 - Level 12.0 Hexes
 - Level 3.0 Ice Magic


You had 8 spell levels left.
You knew the following spells:

 Your Spells              Type           Power      Damage    Failure   Level
a - Confusing Touch       Hex            54%        N/A       1%          3
b - Dazzling Flash        Conj/Hex       74%        N/A       1%          3
c - Sigil of Binding      Hex            54%        N/A       1%          3
d - Tukima's Dance        Hex            54%        N/A       1%          3
x - Ensorcelled Hibernat  Hex/Ice        74%        N/A       1%          2

Your spell library contained the following spells:

 Spells                   Type           Power      Damage    Failure   Level
 Freeze                   Ice            72%        1d8       3%          1
 Magic Dart               Conj           72%        1d6       3%          1
 Searing Ray              Conj           36%        2d5       4%          2
 Shock                    Conj/Air       48%        1d6       5%          1
 Hailstorm                Conj/Ice       18%        3d7       9%          3
 Anguish                  Hex/Necr       15%        N/A       9%          4
 Cigotuvi's Dreadful Rot  Necr/Alch/Air  12%        N/A       16%         2
 Summon Ice Beast         Ice/Summ       12%        N/A       16%         3
 Call Canine Familiar     Summ           6%         N/A       30%         3
 Fugue of the Fallen      Necr           6%         N/A       30%         3
 Swiftness                Air            6%         N/A       30%         3
 Fulminant Prism          Conj/Alch      6%         3d7       47%         4
 Airstrike                Air            3%         2d(1-17)  69%         4
 Ignite Poison            Fire/Alch      6%         N/A       69%         4
 Freezing Cloud           Conj/Ice/Air   7%         6-21      77%         5
 Sculpt Simulacrum        Ice/Alch       6%         N/A       100%        6
 Dimensional Bullseye     Hex/Tloc       Unusable   N/A       N/A         4

Dungeon Overview and Level Annotations

Branches:
Dungeon (11/15)            Temple (1/1) D:7            Lair (3/5) D:11
 Shoals (0/4) Lair:3       Spider (0/4) Lair:3      Volcano (visited)
    Orc: D:9-12

Altars:
Ashenzari
Cheibriados
Dithmenos
Elyvilon
Fedhas
Gozag
Hepliaklqana
Kikubaaqudgha
Makhleb
Nemelex Xobeh
Okawaru
Qazlal
Ru
Sif Muna
Trog
Uskayaw
Vehumet
Wu Jian
Xom
Yredelemnul
Zin
The Shining One

Shops:
D:4 (

Annotations:
D:9 exclusion: two-headed ogre
D:10 exclusion: tengu warrior
Lair:1 exclusion: 3 wolves, Erica


Innate Abilities, Weirdness & Mutations

You have sharp claws.
You have razor-sharp teeth.
You have supernaturally acute eyesight. (SInv)
Your thick and shaggy fur keeps you warm. (AC +3, rC+)
Your paws help you pounce on unaware monsters.
You are incapable of wielding weapons or throwing items.
You cannot wear armour.
You gain extra lives every three experience levels.


Message History

Moving in this stuff is going to be slow.
The merfolk completely misses you.
The merfolk siren shouts!
You claw the merfolk siren!
You hear a shout!
The merfolk barely misses you. The merfolk completely misses you.
The merfolk siren chants a haunting song.
You are mesmerised by the merfolk siren!
Press: ? - help, Shift-Dir - straight line, f - merfolk siren
Aim: a merfolk siren, wielding a +0 spear (lightly wounded, mesmerising, umbra, chance to affect: 29%)
The merfolk siren easily resists.
The merfolk misses you.
The merfolk hits you from afar with a +0 trident.
The merfolk siren closely misses you.
Press: ? - help, Shift-Dir - straight line, f/p - merfolk siren
Aim: a merfolk siren, wielding a +0 spear (lightly wounded, mesmerising, umbra, chance to affect: 29%)
The merfolk siren easily resists.
The merfolk completely misses you.
The merfolk hits you from afar with a +0 trident!
The merfolk siren chants its luring song.
The merfolk hits you from afar with a +0 trident!
* * * LOW HITPOINT WARNING * * *
Press: ? - help, Shift-Dir - straight line, f/p - merfolk siren
Aim: a merfolk siren, wielding a +0 spear (lightly wounded, mesmerising, umbra, chance to affect: 29%)
Okay, then.
Unknown command.
Unknown command.
Press: ? - help, Dir - look around, f - activate The merfolk siren is dazzled.
The merfolk is dazzled.
The merfolk misses you. The merfolk completely misses you.
The merfolk siren chants its luring song.
The merfolk misses you.
You closely miss the merfolk siren.
You bite the merfolk siren, but do no damage.
The merfolk closely misses you. The merfolk completely misses you.
The merfolk siren closely misses you.
You claw the merfolk siren! Your bite misses the merfolk siren.
The merfolk hits you from afar with a +0 trident!
* * * LOW HITPOINT WARNING * * *
The merfolk completely misses you.
The merfolk siren chants its luring song.
You pounce on the helpless merfolk siren from behind!
You eviscerate the merfolk siren!!!
You break out of your daze!
You kill the merfolk siren!
Dithmenos accepts your kill.
You hear a splash.
The merfolk hits you from afar with a +0 trident!
* * * LOW HITPOINT WARNING * * *
The merfolk hits you from afar with a +0 trident!!
You die...

#...P# ##.............##
#...######.............##
....>...................####
...........................##
.......................P....##
..............'###.....###+.P#
..............'~.###.###.~+.##
..............#.)~m###~~~.#.#
##P.#...###.###.@mm~~~~...###
....####.########..#>#..##
.....####.####..###...###
..................#####
.............###..# ..#
.#.####..#...###### ...# ####
####....## ...## ######
##....## #...#
.....#####....#.#####..##


You could see 3 merfolk.

Vanquished Creatures
  Snorg (D:10)
  Fannar (Lair:2)
  2 two-headed ogres
  Nergalle (D:11)
  A lindwurm (Lair:3)
  4 elephants (Lair:2)
  A salamander (Volcano)
  A merfolk siren (Lair:3)
  4 cane toads
  2 black mambas
  A gargoyle (D:11)
  An unseen horror (D:11)
  3 komodo dragons
  Jeremiah (D:6)
  2 polar bears
  A troll (D:10)
  10 blink frogs
  5 wyverns
  3 fire bats (Volcano)
  14 yaks
  2 redbacks (Lair:3)
  A steam dragon (D:10)
  3 basilisks
  An acid dragon (D:10)
  4 water moccasins
  A hell hound (Volcano)
  A sky beast (D:7)
  3 orc warriors
  An ice beast (D:7)
  A black bear (Lair:3)
  12 wolves
  2 phantoms (D:5)
  4 centaurs
  4 kobold brigands
  16 bullfrogs
  8 scorpions
  9 wights
  3 killer bees (D:11)
  4 howler monkeys
  4 bombardier beetles
  3 hounds
  8 orc priests
  2 jellies
  A sleepcap (D:4)
  A gnoll bouda (D:7)
  An iguana (D:5)
  14 orc wizards
  15 adders
  9 gnolls
  4 dart slugs
  3 ribbon worms
  43 orcs
  13 bats
  10 endoplasms
  3 giant cockroaches
  13 goblins
  6 hobgoblins
  9 jackals
  21 kobolds
  2 quokkas (D:2)
  5 ball pythons
  A frilled lizard (D:1)
  5 rats
335 creatures vanquished.

Vanquished Creatures (others)
  A jelly (D:5)
1 creature vanquished.

Grand Total: 336 creatures vanquished

Notes
Turn   | Place    | Note
-------+----------+-------------------------------------------
     0 | D:1      | James the Felid Enchanter began the quest for the Orb.
     0 | D:1      | Reached XP level 1. HP: 9/9 MP: 4/4
   181 | D:1      | Reached skill level 1 in Fighting
   313 | D:1      | Reached XP level 2. HP: 12/14 MP: 6/6
   424 | D:1      | Learned a level 2 spell: Ensorcelled Hibernation
   804 | D:2      | Noticed a bombardier beetle
   865 | D:2      | Reached XP level 3. HP: 18/18 MP: 7/7
   901 | D:2      | Reached skill level 1 in Ice Magic
  1016 | D:2      | Learned a level 3 spell: Confusing Touch
  1190 | D:2      | Reached skill level 5 in Hexes
  1371 | D:2      | Reached skill level 5 in Stealth
  1431 | D:2      | Reached XP level 4. HP: 23/23 MP: 5/8
  1431 | D:2      | Gained a life (2 lives remaining)
  1627 | D:3      | Found a faded altar of an unknown god.
  1683 | D:3      | Got Plato's Writings on the Winter
  1747 | D:3      | Found a snail-covered altar of Cheibriados.
  1817 | D:2      | Killed from afar by an orc priest
  1817 | D:2      | Lost a life (1 life remaining)
  1847 | D:2      | Reached XP level 5. HP: 15/26 MP: 9/9
  2064 | D:3      | Found a sparkling altar of Nemelex Xobeh.
  2609 | D:3      | Gained mutation: You are covered in thick fur. (AC +2)
                  | [Felid growth]
  2609 | D:3      | Reached XP level 6. HP: 10/32 MP: 0/10
  3151 | D:4      | Reached skill level 6 in Stealth
  3410 | D:4      | Found Emewuib's Weapon Shop.
  4088 | D:4      | Found Emewuib's Weapon Shop.
  4323 | D:4      | Learned a level 3 spell: Tukima's Dance
  4355 | D:5      | Entered Level 5 of the Dungeon
  4560 | D:5      | Reached XP level 7. HP: 36/36 MP: 8/11
  4560 | D:5      | Gained a life (2 lives remaining)
  5013 | D:5      | Reached skill level 7 in Stealth
  5171 | D:5      | Reached skill level 8 in Stealth
  5303 | D:5      | Found a shimmering blue altar of Sif Muna.
  5397 | D:5      | Found a blossoming altar of Fedhas.
  5406 | D:5      | Found a glowing silver altar of Zin.
  5726 | D:5      | Reached XP level 8. HP: 42/42 MP: 10/13
  5957 | D:6      | Noticed Jeremiah
  6265 | D:6      | Reached skill level 5 in Unarmed Combat
  6392 | D:6      | Reached skill level 9 in Stealth
  6826 | D:6      | Killed Jeremiah
  6827 | D:6      | Reached skill level 10 in Stealth
  7064 | D:6      | HP: 1/42 [wight/+6 war axe (14)]
  7074 | D:6      | Slain by a wight
  7074 | D:6      | Lost a life (1 life remaining)
  7230 | D:6      | Reached XP level 9. HP: 45/45 MP: 10/14
  7236 | D:6      | Reached skill level 5 in Dodging
  8378 | D:7      | Learned a level 3 spell: Dazzling Flash
  8967 | D:7      | Found a staircase to the Ecumenical Temple.
  8980 | Temple   | Entered the Ecumenical Temple
  9001 | Temple   | Became a worshipper of Dithmenos the Shadowed
  9440 | D:7      | Reached skill level 5 in Fighting
  9684 | D:3      | Reached skill level 11 in Stealth
 10202 | D:8      | Reached * piety under Dithmenos
 10498 | D:8      | Reached XP level 10. HP: 51/51 MP: 15/15
 10498 | D:8      | Gained a life (2 lives remaining)
 10516 | D:8      | Found a white marble altar of Elyvilon.
 10765 | D:9      | Noticed a +0 short sword
 10766 | D:9      | Noticed a +0 falchion
 10766 | D:9      | Noticed a +0 dagger
 10767 | D:9      | Noticed a +0 spear
 10768 | D:9      | Noticed a +0 dagger
 10768 | D:9      | Noticed a +0 short sword
 10791 | D:9      | Reached skill level 1 in Conjurations
 10798 | D:9      | Noticed a +0 falchion
 10798 | D:9      | Noticed a +0 spear
 10804 | D:9      | Found a hide-covered altar of Uskayaw.
 10887 | D:9      | Reached ** piety under Dithmenos
 11301 | D:9      | Noticed a two-headed ogre
 11576 | D:9      | Noticed a two-headed ogre
 11581 | D:9      | Killed a two-headed ogre
 11608 | D:10     | Entered Level 10 of the Dungeon
 11742 | D:10     | Noticed a two-headed ogre
 12239 | D:10     | Noticed a tengu warrior
 12388 | D:10     | Noticed Snorg
 12402 | D:10     | HP: 2/53 [Snorg (12)]
 12403 | D:10     | Killed Snorg
 12630 | D:9      | Slain by a two-headed ogre
 12630 | D:9      | Lost a life (1 life remaining)
 12782 | D:11     | Reached skill level 10 in Unarmed Combat
 12922 | D:11     | Noticed a gargoyle
 12948 | D:11     | Killed a gargoyle
 12995 | D:11     | Noticed a death yak
 13049 | D:11     | Noticed Nergalle
 13054 | D:11     | Killed Nergalle
 13055 | D:11     | Reached XP level 11. HP: 56/56 MP: 18/18
 13777 | D:11     | Noticed a death yak
 13778 | D:11     | Found a staircase to the Lair.
 13836 | D:11     | Noticed a death yak
 13840 | D:11     | Mangled by a death yak
 13840 | D:11     | Lost a life (0 lives remaining)
 13848 | Lair:1   | Entered Level 1 of the Lair of Beasts
 13861 | Lair:1   | Reached skill level 10 in Dodging
 14116 | Lair:1   | Noticed Erica
 14245 | Lair:1   | Reached skill level 12 in Stealth
 14443 | Lair:1   | Reached *** piety under Dithmenos
 14573 | Lair:1   | Reached skill level 10 in Hexes
 14893 | Lair:2   | Noticed Fannar
 14963 | Lair:2   | Killed Fannar
 15003 | Lair:2   | Learned a level 3 spell: Sigil of Binding
 15384 | Lair:2   | Reached skill level 13 in Stealth
 15610 | Lair:2   | Noticed a death yak
 15614 | Lair:2   | Noticed a death yak
 15614 | Lair:2   | Noticed a death yak
 15616 | Lair:2   | Noticed a death yak
 15616 | Lair:2   | Noticed a death yak
 15698 | Lair:2   | Gained mutation: Your thick and shaggy fur keeps you warm.
                  | (AC +3, rC+) [Felid growth]
 15698 | Lair:2   | Reached XP level 12. HP: 60/64 MP: 9/20
 15794 | Lair:3   | Reached skill level 5 in Spellcasting
 15960 | Lair:3   | Found a staircase to the Shoals.
 16036 | Lair:3   | Reached skill level 14 in Stealth
 16052 | Lair:3   | Found a dark tunnel.
 16062 | Volcano  | Entered a volcano
 16076 | Volcano  | Noticed a two-headed ogre
 16079 | Volcano  | Killed a two-headed ogre
 16172 | Volcano  | Reached **** piety under Dithmenos
 16978 | Lair:3   | Found a hole to the Spider Nest.
 17479 | Lair:3   | Mangled by a merfolk

Illustrated notes

Levels and vault maps discovered:
D:1:      matt_arrival_los_fun, layout_rooms, amcnicky_mini_pool_small
D:2:      layout_rooms, minmay_close_crescents
D:3:      layout_basic, kennysheep_slug_shrine, old_standard_altar,
          shapermc_ecumenical_altar_rom_forum
D:4:      layout_loops_ring, serial_rivers, chequers_serial_rivers_small_3,
          chequers_serial_rivers_micro_d, chequers_serial_rivers_room_b,
          chequers_serial_rivers_marsh, chequers_serial_rivers_large_b,
          serial_shops, shop
D:5:      layout_loops_ring, mainiacjoe_overflow_alcove_1,
          mainiacjoe_overflow_swirl, lemuel_flame_loot_1
D:6:      old_forge, layout_cave_pods, uniq_jeremiah
D:7:      layout_loops_cross, minmay_temple_entry_steel_oval,
          grunt_ministairs_14
D:8:      layout_rooms, nicolae_elyvilon_peaceful_grove
D:9:      layout_roguey, nicolae_uskayaw_en_pointe
D:10:     layout_gridville, uniq_snorg
D:11:     layout_stronghold, dpeg_lair_monsters, uniq_nergalle
Temple:   eino_wide_crystal_templ
Lair:1:   layout_layer_cave, grunt_forest_small_clearings, uniq_erica
Lair:2:   layout_misc_corridors, serial_bayou, serial_bayou_pond_a,
          serial_bayou_pond_e, serial_bayou_lake_a, serial_bayou_shore_a,
          serial_bayou_pond_d, uniq_fannar
Lair:3:   layout_long_grid, elwin_shoals_entry_stream, spider_nest_entry_webs,
          lightli_volcano_entry_magma_tube, beast_lair_carwin_2

Skill      XL: |  1  2  3  4  5  6  7  8  9 10 11 12 |
---------------+-------------------------------------+-----
Fighting       | 1 2 3 4 5 6 8 |  8.0
Unarmed Combat | 2 3 4 6 7 10 11 | 11.0
Dodging        | 3 4 8 9 10 | 10.0
Ice Magic      | 1 2 3 |  3.0
Hexes          | 5 7 8 9 12 | 12.0
Stealth        | 5 6 8 10 11 13 14 | 14.0
Spellcasting   | 3 4 5 |  5.9
Conjurations   | 2 3 |  3.0

Action                     |  1- 3 |  4- 6 |  7- 9 | 10-12 || total
---------------------------+-------+-------+-------+-------++-------
  Melee: Unarmed           |   116 |   168 |   243 |   357 ||   884
         Bite              |     7 |    18 |    24 |    40 ||    89
         Punch             |     1 |     5 |    11 |    25 ||    42
   Cast: Ensorcelled Hiber |     2 |    23 |    59 |   111 ||   195
         Confusing Touch   |       |     1 |     7 |     8 ||    16
         Dazzling Flash    |       |       |       |    13 ||    13
    Use: Scroll            |       |     8 |     9 |     8 ||    25
         Potion            |       |       |     1 |       ||     1
   Stab: Sleeping          |    10 |    25 |    45 |    79 ||   159
         Confused          |       |     3 |     6 |     8 ||    17
         Distracted        |       |     1 |     1 |     1 ||     3
         Invisible         |       |       |       |    11 ||    11
 Armour: Skin              |    28 |    50 |    78 |   120 ||   276
  Dodge: Dodged            |    93 |   134 |   204 |   391 ||   822
